 Dungeon Crawl Stone Soup version 0.32-a0-898-g7811c86cf0 (webtiles) character file.

Game seed: 10722843325058628410

63100 RBrandon the Spry (level 14, -30/110 HPs)
             Began as a Demonspawn Summoner on Apr 4, 2024.
             Was the Champion of Yredelemnul.
             Killed from afar by Frances (38 damage)
             ... with an iron shot
             ... on level 12 of the Dungeon.
             The game lasted 00:58:45 (16858 turns).

RBrandon the Spry (Demonspawn Summoner)            Turns: 16858, Time: 00:58:45

Health: -30/110    AC: 15    Str: 12    XL:     14   Next: 66%
Magic:  0/23       EV: 22    Int: 19    God:    Yredelemnul [******]
Gold:   1125       SH:  0    Dex: 21    Spells: 4/25 levels left

rFire   . . .        a - +5 scimitar (protect)
rCold   + . .        (no shield)
rNeg    . . .        d - +4 ring mail
rPois   +            Q - +2 helmet of Gozag's Generosity {+Inv Str+4 Dex+2 Stlth+}
rElec   .            (cloak unavailable)
rCorr   +            (no gloves)
SInv    +            z - +2 pair of boots of Privacy {Harm rPois Slay+2}
Will    +....        A - amulet of Music {Acrobat rCorr Dex+3}
Stlth   +++++        f - ring of protection from cold
HPRegen 0.38/turn    N - ring of see invisible
MPRegen 0.36/turn

%: harm (+30% outgoing, +20% incoming), acrobat, guardian spirit
@: wreathed by umbra
A: repulsion field 2, demonic guardian 1, magic shield, magic regeneration,
weakness stinger 3
a: Renounce Religion, Evoke Invisibility, Light the Black Torch, Recall Undead
Harvest, Hurl Torchlight, Bind Soul, Fathomless Shackles


You were on level 12 of the Dungeon.
You worshipped Yredelemnul.
Yredelemnul was aware of your devotion.
You visited 3 branches of the dungeon, and saw 18 of its levels.

You collected 1789 gold pieces.
You spent 664 gold pieces at shops.

Inventory:

Hand Weapons
 a - a +5 scimitar of protection (weapon)
   (You took it off a wight on level 8 of the Dungeon)
 n - a +4 quarterstaff of chaos
   (You took it off Crazy Yiuf on level 2 of the Dungeon)
 S - the +5 Force Lance {heavy, knockback}
   (You found it on level 10 of the Dungeon)
Armour
 d - a +4 ring mail (worn)
 g - an orb of mayhem
   (You found it on level 2 of the Dungeon)
 z - the +2 pair of boots of Privacy (worn) {Harm rPois Slay+2}
   (You found it on level 5 of the Dungeon)

   Slay+2:    It affects your accuracy & damage with ranged weapons and melee
   (+2).
   rPois:     It protects you from poison.
   Harm:      It increases damage dealt and taken.
 Q - the +2 helmet of Gozag's Generosity (worn) {+Inv Str+4 Dex+2 Stlth+}
   (You bought it in a shop on level 8 of the Dungeon)

   Str+4:     It affects your strength (+4).
   Dex+2:     It affects your dexterity (+2).
   +Inv:      It lets you turn invisible.
   Stlth+:    It makes you more stealthy.
Jewellery
 b - a ring of wizardry
 f - a ring of protection from cold (left hand)
 s - an amulet of faith
 A - the amulet of Music (around neck) {Acrobat rCorr Dex+3}
   (You found it on level 6 of the Dungeon)

   [amulet of the acrobat]

   Acrobat:   It increases your evasion while moving and waiting.
   Dex+3:     It affects your dexterity (+3).
   rCorr:     It protects you from acid and corrosion.
 N - a ring of see invisible (right hand)
Wands
 e - a wand of light (9)
 p - a wand of flame (23)
 F - a wand of roots (15)
 I - a wand of paralysis (7)
 L - a wand of polymorph (5)
Scrolls
 h - 5 scrolls of vulnerability
 i - 2 scrolls of noise
 l - 7 scrolls of immolation
 m - 7 scrolls of enchant weapon
 o - a scroll of blinking
 q - 3 scrolls of enchant armour
 t - 5 scrolls of teleportation
 v - a scroll of torment
 y - a scroll of silence
 B - 2 scrolls of brand weapon
 E - 5 scrolls of fog
 H - 3 scrolls of revelation
 J - 2 scrolls of amnesia
 M - a scroll of poison
 R - 2 scrolls of fear
 V - 2 scrolls of identify
Potions
 j - 9 potions of curing
 k - 2 potions of mutation
 r - 2 potions of brilliance
 u - 4 potions of might
 w - 3 potions of heal wounds
 x - 3 potions of lignification
 C - 2 potions of cancellation
 D - 6 potions of attraction
 G - 4 potions of haste
 K - 2 potions of enlightenment
 O - a potion of ambrosia
 P - a potion of resistance
 T - a potion of invisibility
 U - a potion of berserk rage {unknown}
 W - a potion of magic


   Skills:
 - Level 10.0 Fighting
 - Level 15.5 Dodging
 - Level 2.0 Stealth
 - Level 6.0 Spellcasting
 - Level 8.2 Summonings
 - Level 11.6 Translocations
 + Level 10.8 Invocations


You had 4 spell levels left.
You knew the following spells:

 Your Spells              Type           Power      Damage    Failure   Level
a - Summon Small Mammal   Summ           100%       N/A       1%          1
b - Call Imp              Summ           74%        N/A       1%          2
c - Call Canine Familiar  Summ           37%        N/A       2%          3
d - Blink                 Tloc           100%       N/A       1%          2
e - Apportation           Tloc           100%       N/A       1%          1
f - Maxwell's Portable P  Tloc           50%        2d(10-28) 1%          3
g - Summon Forest         Summ/Tloc      21%        N/A       12%         5
h - Passage of Golubria   Tloc           50%        N/A       1%          4

Your spell library contained the following spells:

 Spells                   Type           Power      Damage    Failure   Level
 Lesser Beckoning         Tloc           100%       N/A       1%          2
 Teleport Other           Tloc           50%        N/A       1%          3
 Momentum Strike          Conj/Tloc      54%        3d9       3%          2
 Dimensional Bullseye     Hex/Tloc       13%        N/A       22%         4
 Magic Dart               Conj           20%        1d4       26%         1
 Cigotuvi's Dreadful Rot  Necr/Alch/Air  10%        N/A       36%         2
 Ensorcelled Hibernation  Hex/Ice        10%        N/A       36%         2
 Jinxbite                 Hex            10%        N/A       36%         2
 Mercury Vapours          Alch/Air       10%        N/A       36%         2
 Scorch                   Fire           10%        2d5       36%         2
 Sublimation of Blood     Necr           5%         N/A       36%         2
 Summon Blazeheart Golem  Fire/Summ      21%        N/A       43%         4
 Summon Lightning Spire   Summ/Air       21%        N/A       43%         4
 Dazzling Flash           Conj/Hex       10%        N/A       58%         3
 Mephitic Cloud           Conj/Alch/Air  5%         N/A       58%         3
 Passwall                 Erth           5%         N/A       58%         3
 Sigil of Binding         Hex            5%         N/A       58%         3
 Swiftness                Air            5%         N/A       58%         3
 Tukima's Dance           Hex            5%         N/A       58%         3
 Flame Wave               Conj/Fire      5%         2d5       94%         4
 Ignite Poison            Fire/Alch      5%         N/A       94%         4
 Leda's Liquefaction      Alch/Erth      2%         N/A       94%         4
 Petrify                  Alch/Erth      5%         N/A       94%         4
 Summon Cactus Giant      Summ           18%        N/A       78%         6
 Alistair's Intoxication  Alch           3%         N/A       100%        5
 Arcjolt                  Conj/Air       2%         1d12      100%        5
 Freezing Cloud           Conj/Ice/Air   2%         6-21      100%        5
 Metabolic Englaciation   Hex/Ice        2%         N/A       100%        5
 Yara's Violent Unravell  Hex/Alch       2%         3d3       100%        5
 Eringya's Noxious Bog    Alch           2%         4d6       100%        6
 Starburst                Conj/Fire      2%         6d3       100%        6
 Haunt                    Necr/Summ      10%        N/A       100%        7
 Summon Hydra             Summ           18%        N/A       100%        7
 Infestation              Necr           2%         N/A       100%        8
 Maxwell's Capacitive Co  Air            2%         ∞         100%        8
 Animate Dead             Necr           Unusable   N/A       N/A         4

Dungeon Overview and Level Annotations

Branches:
Dungeon (12/15)            Temple (1/1) D:5            Lair (5/5) D:9
  Swamp (0/4) Lair:3        Snake (0/4) Lair:3        Slime (0/5) Lair:4
    Orc: D:9-12

Altars:
Ashenzari
Cheibriados
Dithmenos
Fedhas
Gozag
Hepliaklqana
Kikubaaqudgha
Makhleb
Nemelex Xobeh
Okawaru
Qazlal
Ru
Sif Muna
Trog
Uskayaw
Vehumet
Wu Jian
Xom
Yredelemnul
Jiyva

Shops:
D:1 *   D:6 :   D:8 [   D:10 ?

Annotations:
D:11 3 runed translucent doors, Krumphau's ghost, journeyman DjNe; osoart's ghost, journeyman SpAl; spaghetti's ghost, journeyman NaCK
D:12 Frances; Maurice


Innate Abilities, Weirdness & Mutations

You are surrounded by a moderate repulsion field. (EV +3)
A weak demonic guardian rushes to your aid.
When hurt, damage is shared between your health and your magic reserves.
You regenerate magic rapidly.
You have a sharp stinger which inflicts weakening toxins.


Message History

Your slime creature zombie hits Maurice.
Your lindwurm closely misses Frances.
Your lindwurm claws Frances!
Your lindwurm barely misses Frances.
Sonja bites the neqoxec but does no damage.
Maurice barely misses you. Maurice bites you but does no damage.
Your orc zombie barely misses Frances.
The hellwing disappears in a puff of smoke!
Frances chants phrases taken from a devil's mouth.
Send 'em back where they came from!
Your lindwurm disappears in a puff of smoke!
Kirke hits Frances but does no damage.
Your orc priest zombie misses Maurice.
Frances hits Kirke with a +1 dire flail of protection!!
Sonja closely misses the neqoxec.
Your manticore zombie bites Frances!
Your manticore zombie claws Frances.
Your manticore zombie claws Frances but does no damage.
The neqoxec hits Kirke!
Maurice hits you with a +5 short sword of freezing!
* * * LOW HITPOINT WARNING * * *
Maurice steals your amulet of reflection!
Maurice puts on an amulet of reflection.
Maurice freezes you.
* * * LOW HITPOINT WARNING * * *
Maurice bites you but does no damage.
Your slime creature zombie hits Maurice!
You can move again.
Unknown command.
Unknown command.
You closely miss Frances.
Frances is almost dead.
Frances hits you with a +1 dire flail of protection!!
* * * LOW HITPOINT WARNING * * *
A demonic guardian appears!
Kirke barely misses Frances.
Your orc zombie barely misses Frances.
Sonja bites the neqoxec!
Maurice blocks your orc priest zombie's attack.
The ice devil hits your orc zombie. The ice devil freezes your orc zombie.
Your orc zombie resists.
Frances chants phrases taken from a devil's mouth.
The iron shot hits you!!
You die...
Your body rises from the dead as a mindless zombie.

#. #.. ...
#.######
##......##
##........##
#....4ZZ4.[#
#.....@@...#
#....3Zf<..#
#....Z.ZZ..#
#.....:....####
##.............
#........#####
#..........#
#......$...#
#..........#


You could see Frances (fast, soul-gripped, ally target), Maurice (invisible,
reflecting), an ice devil (summoned), a neqoxec (summoned), a friendly hellwing
(summoned), the friendly Kirke the bound human, the friendly Sonja the hog
zombie, a friendly manticore zombie, a friendly slime creature zombie, a
friendly orc zombie and a friendly orc priest zombie.

Vanquished Creatures
  2 hydras
  3 death yaks (Lair:5)
  A boulder beetle (D:11)
  A two-headed ogre (D:10)
  Urug (Lair:1)
  Nergalle (Lair:3)
  A cyclops (D:12)
  4 elephants
  3 black mambas (Lair:5)
  4 cane toads
  2 kobold demonologists (D:12)
  2 rime drakes
  2 komodo dragons
  Psyche (D:8)
  2 polar bears
  A troll (D:10)
  A hornet (Lair:2)
  2 dream sheep (Lair:5)
  4 blink frogs
  4 slime creatures (D:12)
  A wraith (D:9)
  6 hogs (D:12)
  25 yaks
  A basilisk (Lair:2)
  2 wyverns
  2 wargs (Lair:5)
  2 steam dragons (D:9)
  2 vampire mosquitoes
  An acid dragon (D:11)
  5 water moccasins
  4 hell hounds (Lair:5)
  An ice beast (D:8)
  3 orc warriors
  3 black bears (Lair:5)
  15 wolves
  2 ogres
  3 centaurs
  A phantom (D:6)
  A kobold brigand (D:7)
  3 bullfrogs
  A scorpion (D:4)
  12 wights
  3 killer bees (D:7)
  2 howler monkeys (D:10)
  A bombardier beetle (D:3)
  2 hounds (D:5)
  5 orc priests
  3 jellies
  5 iguanas
  Natasha (D:4)
  2 sleepcaps
  2 hell rats (Lair:3)
  9 orc wizards
  9 adders
  An ufetubus (D:5)
  A dart slug (D:3)
  A ribbon worm (D:2)
  25 orcs
  An endoplasm (D:3)
  4 giant cockroaches (D:2)
  4 goblins
  A hobgoblin (D:2)
  A quokka (D:5)
  3 ball pythons
  4 bats
  2 frilled lizards
  5 kobolds
  A rat (D:2)
236 creatures vanquished.

Vanquished Creatures (collateral kills)
  6 hydras
  2 boulder beetles (Lair:5)
  4 death yaks (Lair:5)
  A hell hog (Lair:5)
  A spectral centaur (Lair:5)
  A skyshark (Lair:3)
  Lodul (D:12)
  2 lindwurms
  A manticore (D:12)
  2 black mambas
  7 elephants
  12 cane toads
  An unseen horror (D:11)
  4 rime drakes
  4 komodo dragons
  10 polar bears
  17 blink frogs
  3 hornets (Lair:2)
  6 dream sheep (Lair:5)
  A boulder beetle zombie (Lair:5)
  A vampire (D:11)
  4 wyverns
  A wraith (D:11)
  4 hogs (D:12)
  36 yaks
  2 basilisks (Lair:5)
  A steam dragon (D:9)
  A warg (Lair:5)
  A two-headed ogre zombie (D:10)
  An acid dragon (D:12)
  10 water moccasins
  A cane toad zombie (Lair:5)
  12 hell hounds (Lair:5)
  A dream sheep zombie (Lair:5)
  A hornet zombie (Lair:2)
  A sky beast (D:6)
  11 black bears
  A blink frog zombie (Lair:5)
  2 orc warriors
  13 wolves
  3 ogres (D:12)
  2 centaurs
  A komodo dragon zombie (Lair:5)
  7 bullfrogs
  A hell hound zombie (Lair:5)
  A wyvern zombie (Lair:3)
  4 water moccasin zombies
  6 wights
  2 polar bear zombies (Lair:5)
  A killer bee (D:7)
  6 yak zombies
  An electric eel (Lair:3)
  2 howler monkeys
  4 wolf zombies
  A bullfrog zombie (Lair:2)
  A black bear zombie (Lair:2)
  3 jellies
  A bombardier beetle (D:5)
  2 orc priests
  Crazy Yiuf (D:2)
  2 iguanas
  Natasha (twice) (D:4)
  5 orc wizards
  7 hell rats
  4 adders
  A white imp (D:5)
  An ufetubus (D:5)
  11 orcs
  4 endoplasms
  7 giant cockroaches
  A goblin (D:1)
  5 hobgoblins
  A quokka (D:4)
  A ball python (D:3)
  A bat (D:1)
  11 kobolds
305 creatures vanquished.

Vanquished Creatures (others)
  A death yak (Lair:5)
  A hell hog zombie (Lair:5)
  2 death yak zombies (Lair:5)
  A polar bear (Lair:5)
  3 hydra zombies (Lair:5)
  A dream sheep (Lair:5)
  2 black mamba zombies (Lair:5)
  2 slime creature zombies (D:12)
  A warg (Lair:5)
  5 cane toad zombies
  A hell hound (Lair:5)
  2 dream sheep zombies (Lair:5)
  2 hornet zombies (Lair:2)
  4 blink frog zombies
  An elephant zombie (Lair:3)
  6 hog zombies (D:12)
  A wolf (Lair:5)
  A rime drake zombie (Lair:4)
  A komodo dragon zombie (Lair:5)
  6 hell hound zombies (Lair:5)
  2 wyvern zombies
  3 warg zombies (Lair:5)
  6 water moccasin zombies
  12 yak zombies
  4 polar bear zombies (Lair:5)
  8 wolf zombies
  2 centaur zombies
  5 black bear zombies (Lair:5)
  A basilisk zombie (Lair:2)
  An ice beast zombie (D:8)
  An ogre zombie (D:12)
  2 hound zombies (D:5)
  3 hell rat zombies
  A howler monkey zombie (D:12)
  An endoplasm zombie (Lair:4)
  7 kobold zombies (D:12)
  9 orc zombies
112 creatures vanquished.

Grand Total: 653 creatures vanquished

Notes
Turn   | Place    | Note
-------+----------+-------------------------------------------
     0 | D:1      | RBrandon the Demonspawn Summoner began the quest for the
                  | Orb.
     0 | D:1      | Reached XP level 1. HP: 13/13 MP: 3/3
   222 | D:1      | Found Kappiqeu's General Store.
   279 | D:1      | Reached skill level 2 in Dodging
   279 | D:1      | Gained mutation: You are surrounded by a mild repulsion
                  | field. (EV +2) [demonic ancestry]
   279 | D:1      | Reached XP level 2. HP: 19/19 MP: 1/5
   366 | D:1      | Learned a level 2 spell: Call Imp
   714 | D:2      | Gained mutation: You have a small tail. [demonic ancestry]
   714 | D:2      | Reached XP level 3. HP: 24/24 MP: 1/6
   797 | D:2      | Reached skill level 5 in Summonings
  1165 | D:2      | Gained mutation: A weak demonic guardian rushes to your
                  | aid. [demonic ancestry]
  1165 | D:2      | Reached XP level 4. HP: 30/30 MP: 5/7
  1249 | D:2      | Found a runed translucent door.
  1250 | D:2      | Noticed Crazy Yiuf
  1548 | D:2      | Learned a level 3 spell: Call Canine Familiar
  1977 | D:2      | Killed Crazy Yiuf
  1978 | D:2      | Gained mutation: You have a tail ending in a sharp stinger.
                  | [demonic ancestry]
  1978 | D:2      | Reached XP level 5. HP: 35/35 MP: 1/8
  2629 | D:3      | Found a faded altar of an unknown god.
  3044 | D:4      | Reached XP level 6. HP: 41/41 MP: 9/9
  3071 | D:4      | Noticed Natasha
  3077 | D:4      | Killed Natasha
  3083 | D:4      | Noticed Natasha
  3090 | D:4      | Killed Natasha
  3322 | D:4      | Found an ancient bone altar of Kikubaaqudgha.
  3534 | D:4      | Noticed Natasha
  3549 | D:4      | Killed Natasha
  3665 | D:5      | Entered Level 5 of the Dungeon
  3715 | D:5      | Reached XP level 7. HP: 44/46 MP: 6/10
  3723 | D:5      | Reached skill level 1 in Fighting
  3845 | D:5      | Found a staircase to the Ecumenical Temple.
  3852 | D:5      | Identified the +2 pair of boots of Privacy {Harm rPois
                  | Slay+2}
  4050 | Temple   | Entered the Ecumenical Temple
  4126 | Temple   | Became a worshipper of Yredelemnul the Fallen
  4420 | D:5      | Reached skill level 5 in Fighting
  4729 | D:5      | Reached skill level 1 in Invocations
  4882 | D:6      | Reached XP level 8. HP: 49/62 MP: 2/11
  4995 | D:6      | Reached * piety under Yredelemnul
  4996 | D:6      | Reached skill level 5 in Invocations
  5001 | D:6      | Identified the amulet of Music {Acrobat rCorr Dex+3}
  5402 | D:6      | Found Sarchi Vofru's Tremendous Tomes.
  5509 | D:7      | Gained mutation: You have a sharp stinger which inflicts
                  | weakening toxins. [demonic ancestry]
  5509 | D:7      | Reached XP level 9. HP: 57/69 MP: 15/15
  6152 | D:7      | Reached ** piety under Yredelemnul
  6581 | D:8      | Noticed Psyche
  6590 | D:8      | Killed Psyche
  6822 | D:8      | Reached skill level 10 in Fighting
  6859 | D:8      | Found a shimmering altar of Xom.
  7034 | D:8      | Reached XP level 10. HP: 48/85 MP: 4/16
  7037 | D:8      | Reached skill level 3 in Dodging
  7047 | D:8      | Reached skill level 4 in Dodging
  7286 | D:8      | Found None Guss's Armour Shoppe.
  7380 | D:8      | Reached skill level 5 in Dodging
  7771 | D:9      | Found an opulent altar of Gozag.
  7893 | D:9      | Reached skill level 6 in Dodging
  8238 | D:9      | Found a staircase to the Lair.
  8283 | D:9      | Reached skill level 7 in Dodging
  8372 | Lair:1   | Entered Level 1 of the Lair of Beasts
  8482 | Lair:1   | Reached skill level 8 in Dodging
  8499 | Lair:1   | Noticed a cane toad
  8507 | Lair:1   | Killed a cane toad
  8806 | Lair:1   | Gained mutation: You are surrounded by a moderate repulsion
                  | field. (EV +3) [demonic ancestry]
  8806 | Lair:1   | Reached XP level 11. HP: 70/90 MP: 17/17
  8812 | Lair:1   | Reached skill level 9 in Dodging
  9056 | Lair:1   | Noticed Urug
  9068 | Lair:1   | Killed Urug
  9301 | Lair:1   | Reached *** piety under Yredelemnul
  9307 | Lair:1   | Reached skill level 10 in Dodging
  9672 | Lair:2   | Reached skill level 11 in Dodging
  9695 | Lair:2   | Noticed a lindwurm
  9701 | Lair:2   | Killed a lindwurm
  9819 | Lair:2   | Noticed an eight-headed hydra
  9821 | Lair:2   | Killed an eight-headed hydra
  9974 | Lair:2   | Reached skill level 12 in Dodging
 10188 | Lair:2   | Gained mutation: You regenerate magic rapidly. [demonic
                  | ancestry]
 10188 | Lair:2   | Reached XP level 12. HP: 97/97 MP: 18/18
 10577 | Lair:2   | Reached skill level 13 in Dodging
 10961 | Lair:3   | Found a gate leading to a gauntlet.
 10983 | Lair:3   | Reached **** piety under Yredelemnul
 10984 | Lair:3   | Reached skill level 14 in Dodging
 11137 | Lair:3   | Found a staircase to the Swamp.
 11305 | Lair:3   | Noticed Nergalle
 11310 | Lair:3   | Noticed Nessos
 11321 | Lair:3   | Killed Nergalle
 11327 | Lair:3   | Killed Nessos
 11327 | Lair:3   | Bound Nessos
 11517 | Lair:3   | Reached skill level 15 in Dodging
 11741 | Lair:3   | Learned a level 2 spell: Blink
 11985 | Lair:3   | Found a staircase to the Snake Pit.
 12092 | Lair:4   | Reached skill level 1 in Translocations
 12214 | Lair:4   | Noticed an eight-headed hydra
 12215 | Lair:4   | Found a viscous altar of Jiyva.
 12217 | Lair:4   | Found a staircase to the Slime Pits.
 12220 | Lair:4   | Killed an eight-headed hydra
 12221 | Lair:4   | Gained mutation: When hurt, damage is shared between your
                  | health and your magic reserves. [demonic ancestry]
 12221 | Lair:4   | Reached XP level 13. HP: 103/103 MP: 19/19
 12707 | Lair:4   | Learned a level 1 spell: Apportation
 12711 | Lair:4   | Learned a level 3 spell: Maxwell's Portable Piledriver
 12843 | D:8      | Bought the +2 helmet of Gozag's Generosity {+Inv Str+4
                  | Dex+2 Stlth+} for 526 gold pieces
 12987 | Lair:5   | Entered Level 5 of the Lair of Beasts
 13049 | Lair:5   | Reached skill level 5 in Translocations
 13172 | Lair:5   | Reached ***** piety under Yredelemnul
 13612 | Lair:5   | Reached skill level 10 in Translocations
 13680 | Lair:5   | Reached XP level 14. HP: 60/110 MP: 12/20
 14058 | Lair:5   | Reached ****** piety under Yredelemnul
 14778 | D:10     | Entered Level 10 of the Dungeon
 14865 | D:10     | Found Gegaklof's Magic Scroll Shoppe.
 15097 | D:10     | Reached skill level 5 in Spellcasting
 15127 | D:10     | Learned a level 5 spell: Summon Forest
 15132 | D:10     | Learned a level 4 spell: Passage of Golubria
 15386 | D:8      | Bought a +0 pair of boots of rampaging for 138 gold pieces
 15675 | D:10     | Found the +5 Force Lance {heavy, knockback}
 16470 | D:11     | Found a runed translucent gate.
 16470 | D:11     | Found a runed translucent gate.
 16471 | D:11     | Found a runed translucent gate.
 16472 | D:11     | Noticed osoart's ghost (journeyman SpAl)
 16472 | D:11     | Noticed spaghetti's ghost (journeyman NaCK)
 16472 | D:11     | Noticed Krumphau's ghost (journeyman DjNe)
 16517 | D:12     | Noticed Kirke
 16517 | D:12     | Noticed Sonja
 16517 | D:12     | Noticed Maurice
 16518 | D:12     | Noticed Frances
 16528 | D:11     | Killed Kirke
 16528 | D:11     | Bound Kirke
 16746 | D:12     | Noticed Lodul
 16751 | D:12     | Reached skill level 10 in Invocations
 16752 | D:12     | Killed Lodul
 16845 | D:12     | Sonja changed into Sonja the wind drake
 16845 | D:12     | Noticed Sonja
 16845 | D:12     | Paralysed by Maurice for 2 turns
 16851 | D:12     | Sonja the wind drake changed into Sonja the hog
 16851 | D:12     | Noticed Sonja
 16853 | D:12     | Paralysed by Maurice for 5 turns
 16855 | D:12     | Killed Sonja the hog
 16857 | D:12     | Maurice stole an amulet of reflection
 16858 | D:12     | Killed from afar by Frances

Illustrated notes

Levels and vault maps discovered:
D:1:      onia_arrival_pyramid, layout_rooms, serial_shops,
          nicolae_shop_waterfront, minmay_quantized
D:2:      minmay_roachtagon, layout_basic, uniq_crazy_yiuf_cottage
D:3:      layout_loops_ring, chequers_ecumenical_altar_simple_redux
D:4:      layout_rooms, mainiacjoe_overflow_tiny_flanked,
          hangedman_abyss_or_decor_lesser_grid, uniq_natasha
D:5:      layout_basic, minmay_temple_entry_purple_smoke, kennysheep_path_1,
          grunt_ministairs_2
D:6:      layout_rooms, nicolae_shop_i_like_big_books
D:7:      layout_basic, grunt_ministairs_6, minmay_misc_feat_enclosed
D:8:      layout_basic, mainiacjoe_overflow_catwalk, serial_shops,
          nicolae_lakefront_shop, uniq_psyche
D:9:      layout_roguey, nicolae_gozag_cash_rules_everything_around_me,
          lair_entry_dummy, hangedman_glass_teeth
D:10:     layout_cave_pods, serial_shops, shop
D:11:     layout_stronghold, gammafunk_ghost_cemetery
D:12:     layout_rooms, orc_0_dummy, slow_altar_1, uniq_kirke, uniq_sonja,
          uniq_maurice, uniq_lodul, uniq_frances
Temple:   compressed_dpeg_triangle_lava_temple
Lair:1:   layout_regular_city, uniq_urug
Lair:2:   cheibrodos_lair_overgrown_chateau, layout_regular_city
Lair:3:   layout_cave_pods, swamp_mist_pool, dummy_snake_entry,
          gauntlet_entry_generic, beast_lair_carwin_3,
          infiniplex_staircase_pool, grunt_megastairs_1, uniq_nergalle,
          uniq_nessos
Lair:4:   layout_roguey, slime_entry_2
Lair:5:   hangedman_lair_in_review, layout_concentric_octagons,
          hangedman_lair_caniforms_friends, minmay_hedge_maze

Skill      XL: |  1  2  3  4  5  6  7  8  9 10 11 12 13 14 |
---------------+-------------------------------------------+-----
Stealth        | 2 |  2.0
Dodging        | 2 8 12 15 | 15.5
Summonings     | 5 6 7 8 |  8.2
Fighting       | 5 6 10 | 10.0
Invocations    | 2 8 10 | 10.8
Translocations | 2 10 11 | 11.6
Spellcasting   | 6 |  6.0

Action                     |  1- 3 |  4- 6 |  7- 9 | 10-12 | 13-15 || total
---------------------------+-------+-------+-------+-------+-------++-------
  Melee: Unarmed           |    17 |       |       |       |       ||    17
         Dagger            |    68 |    61 |       |       |       ||   129
         Tailslap          |     5 |    22 |    29 |    53 |    69 ||   178
         Quarterstaff      |       |    69 |   175 |     6 |       ||   250
         Scimitar          |       |       |       |   232 |   256 ||   488
         Lance             |       |       |       |       |    28 ||    28
   Cast: Summon Small Mamm |    20 |     7 |       |       |       ||    27
         Call Imp          |     7 |    10 |     6 |     1 |       ||    24
         Call Canine Famil |       |    11 |    14 |    13 |     3 ||    41
         Maxwell's Portabl |       |       |       |       |    29 ||    29
         Summon Forest     |       |       |       |       |     1 ||     1
 Invoke: Light the Black T |       |       |     4 |     5 |     4 ||    13
         Hurl Torchlight   |       |       |     2 |     4 |     6 ||    12
         Bind Soul         |       |       |       |     1 |     2 ||     3
         Recall Undead Har |       |       |       |       |     3 ||     3
  Evoke: Wand              |       |       |     2 |     1 |     4 ||     7
    Use: Potion            |     5 |       |     1 |     1 |       ||     7
         Scroll            |       |       |       |     9 |    15 ||    24
   Stab: Distracted        |       |     1 |     3 |     2 |     9 ||    15
         Confused          |       |       |     1 |       |     1 ||     2
         Sleeping          |       |       |       |     3 |     1 ||     4
 Armour: Robe              |    15 |       |       |       |       ||    15
         Ring mail         |    46 |    93 |   191 |   179 |   190 ||   699
  Dodge: Dodged            |    75 |   100 |   166 |   341 |   597 ||  1279
  Block: Other             |       |       |     9 |       |       ||     9

Table legend: (Time is in decaauts)
 A = Elapsed time spent in this place.
 B = Non-inter-level travel time spent in this place.
 C = Inter-level travel time spent in this place.
 D = Time resting spent in this place.
 E = Time spent auto-exploring this place.
 F = Levels seen in this place.
 G = Mean time per level.
                   A        B        C        D        E       F      G
               +--------+--------+--------+--------+--------+-----+--------+
         Total |  17155 |  16015 |   1140 |   1613 |  10336 |  18 |  953.1 |
       Dungeon |  10627 |   9871 |    756 |    527 |   6973 |  12 |  885.6 |
        Temple |     95 |     77 |     18 |      0 |      0 |   1 |   95.0 |
          Lair |   6431 |   6066 |    365 |   1086 |   3363 |   5 | 1286.2 |
               +--------+--------+--------+--------+--------+-----+--------+

Top non-repeatable levels by time:
  Lair:5: 1759 daAuts
     D:2: 1560 daAuts
  Lair:1: 1353 daAuts
  Lair:2: 1338 daAuts
  Lair:3: 1303 daAuts
     D:8: 1257 daAuts
     D:5: 1124 daAuts
     D:7: 1079 daAuts
    D:10: 938 daAuts
    D:11: 876 daAuts
     D:9: 797 daAuts
     D:3: 791 daAuts
     D:4: 699 daAuts
  Lair:4: 678 daAuts
     D:6: 632 daAuts

Levels and vault maps discovered:
D:1:      onia_arrival_pyramid, layout_rooms, serial_shops,
          nicolae_shop_waterfront, minmay_quantized
D:2:      minmay_roachtagon, layout_basic, uniq_crazy_yiuf_cottage
D:3:      layout_loops_ring, chequers_ecumenical_altar_simple_redux
D:4:      layout_rooms, mainiacjoe_overflow_tiny_flanked,
          hangedman_abyss_or_decor_lesser_grid, uniq_natasha
D:5:      layout_basic, minmay_temple_entry_purple_smoke, kennysheep_path_1,
          grunt_ministairs_2
D:6:      layout_rooms, nicolae_shop_i_like_big_books
D:7:      layout_basic, grunt_ministairs_6, minmay_misc_feat_enclosed
D:8:      layout_basic, mainiacjoe_overflow_catwalk, serial_shops,
          nicolae_lakefront_shop, uniq_psyche
D:9:      layout_roguey, nicolae_gozag_cash_rules_everything_around_me,
          lair_entry_dummy, hangedman_glass_teeth
D:10:     layout_cave_pods, serial_shops, shop
D:11:     layout_stronghold, gammafunk_ghost_cemetery
D:12:     layout_rooms, orc_0_dummy, slow_altar_1, uniq_kirke, uniq_sonja,
          uniq_maurice, uniq_lodul, uniq_frances
Temple:   compressed_dpeg_triangle_lava_temple
Lair:1:   layout_regular_city, uniq_urug
Lair:2:   cheibrodos_lair_overgrown_chateau, layout_regular_city
Lair:3:   layout_cave_pods, swamp_mist_pool, dummy_snake_entry,
          gauntlet_entry_generic, beast_lair_carwin_3,
          infiniplex_staircase_pool, grunt_megastairs_1, uniq_nergalle,
          uniq_nessos
Lair:4:   layout_roguey, slime_entry_2
Lair:5:   hangedman_lair_in_review, layout_concentric_octagons,
          hangedman_lair_caniforms_friends, minmay_hedge_maze

Table legend: (Time is in decaauts)
 A = Elapsed time spent in this place.
 B = Non-inter-level travel time spent in this place.
 C = Inter-level travel time spent in this place.
 D = Time resting spent in this place.
 E = Time spent auto-exploring this place.
 F = Levels seen in this place.
 G = Mean time per level.
                   A        B        C        D        E       F      G
               +--------+--------+--------+--------+--------+-----+--------+
         Total |  17155 |  16015 |   1140 |   1613 |  10336 |  18 |  953.1 |
       Dungeon |  10627 |   9871 |    756 |    527 |   6973 |  12 |  885.6 |
        Temple |     95 |     77 |     18 |      0 |      0 |   1 |   95.0 |
          Lair |   6431 |   6066 |    365 |   1086 |   3363 |   5 | 1286.2 |
               +--------+--------+--------+--------+--------+-----+--------+

Top non-repeatable levels by time:
  Lair:5: 1759 daAuts
     D:2: 1560 daAuts
  Lair:1: 1353 daAuts
  Lair:2: 1338 daAuts
  Lair:3: 1303 daAuts
     D:8: 1257 daAuts
     D:5: 1124 daAuts
     D:7: 1079 daAuts
    D:10: 938 daAuts
    D:11: 876 daAuts
     D:9: 797 daAuts
     D:3: 791 daAuts
     D:4: 699 daAuts
  Lair:4: 678 daAuts
     D:6: 632 daAuts

Table legend:
 A = Kills in this place as a percentage of kills in the entire game.
 B = Kills by you in this place as a percentage of kills by you in the entire game.
 C = Kills by friends in this place as a percentage of kills by friends in the entire game.
 D = Other kills in this place as a percentage of other kills in the entire game.
 E = Experience gained in this place as a percentage of experience gained in the entire game.
 F = Experience gained in this place divided by the number of levels of this place that you have seen.
                   A       B       C       D       E      F
               +-------+-------+-------+-------+-------+----------------------
         Total | 100.0 | 100.0 | 100.0 | 100.0 | 100.0 | 5007.9
       Dungeon |  49.8 |  65.7 |  37.0 |   0.0 |  23.4 | 1761.2
          Lair |  50.2 |  34.3 |  63.0 | 100.0 |  76.6 | 13801.6
               +-------+-------+-------+-------+-------+----------------------
